[Event "*** Titled Tuesday 3|2 Blitz"]
[Site "Chess.com"]
[Date "2017.05.02"]
[Round "2"]
[White "RobertoJBM"]
[Black "DrVitman"]
[Result "0-1"]
[WhiteElo "2450"]
[BlackElo "2604"]
[TimeControl "180+2"]
[EndTime "13:24:28 PDT"]
[Termination "DrVitman won by resignation"]

1. d4 d5 2. c4 e6 3. Nc3 Nf6 4.
Bg5 Nbd7 5. e3 c6 6. Nf3 Qa5 7.
Nd2 Bb4 8. Qc2 O-O 9. a3 e5 10. dxe5 Ne4 11. Ndxe4 dxe4 12. Bf4 Re8 13. O-O-O Bxc3 14.
Qxc3 Qxc3+ 15. bxc3 h6 16. h4 Nxe5 17. Bxe5 Rxe5 18.
Rd8+ Kh7 19. Be2 b6 20. Rhd1 Re7 21. R1d6 c5 22. h5 f5 23. g4 fxg4 24. Bxg4 Bxg4 25.
Rxa8 Bxh5 26. Rad8 Bg4 27. Rf8 h5 28. a4 Be2 29. a5 bxa5 30. Rd5 a4 31. Rxc5 Kg6 32.
Kd2 Bf3 33. Rff5 a3 34. Ra5 a2 35. Rg5+ Kh6 36. Rgd5 h4 37. Rd6+ g6 38. Rxa2 h3 39. Raa6 Rg7 40. c5 h2 41. Ra1 h1=Q 42. Rxh1+ Bxh1 43. c6 Rc7 44. c4 Bg2 45. Kc3 a5 46. Kd4 a4 47. Kc5 a3 48. Kb6 Rc8 49. Kb7 Bh3 50. Rd1 Bf5 51. Ra1 Kg5 52. Rxa3 Kg4 53. Ra5 Re8 54. Rxf5 gxf5 55. c7 Kf3 56. c8=Q Rxc8 57.
Kxc8 Kxf2 58. c5 f4 59. c6 fxe3 60. c7 e2 61. Kb8 e1=Q 62. c8=Q Qb4+ 63. Ka7 Qd4+ 64.
Kb7 e3 65. Qf5+ Ke1 66. Qb1+ Kd2 67. Qa2+ Kc1 68. Qe6 Qb2+ 69. Ka7 e2 70. Qe3+ Kb1 71. Qe4+ Ka1 72. Qh1+ Qb1 73. Qh8+ Ka2 74. Qg8+ Qb3 75. Qg1 Qa3+ 76. Kb7 Qb4+ 77. Ka6 e1=Q 78. Qg8+ Ka1 79. Qg7+ Qbc3 0-1

[Event "*** Titled Tuesday 3|2 Blitz"]
[Site "Chess.com"]
[Date "2017.05.02"]
[Round "2"]
[White "chessdude"]
[Black "bilelou"]
[Result "1-0"]
[WhiteElo "2430"]
[BlackElo "2386"]
[TimeControl "180+2"]
[EndTime "13:24:53 PDT"]
[Termination "chessdude won by resignation"]

1. e4 c5 2. Nf3 d6 3. d4 cxd4 4.
Nxd4 Nf6 5. Nc3 a6 6. h4 Nc6 7. h5 Bg4 8. Be2 Bxe2 9. Ndxe2 h6 10. Be3 e6 11. Qd2 Be7 12. f3 b5 13. Nd4 Ne5 14. b3 Qa5 15. Nce2 Qc7 16. a4 bxa4 17. Rxa4 O-O 18.
Nf4 Rfc8 19. Rh3 Ne8 20. Nfe2 Nd7 21. Bxh6 gxh6 22. Qxh6 Bf8 23. Rg3+ Bg7 24. Qg5 Kf8 25. h6 Bf6 26. Qg8+ Ke7 27. h7 Bh4 28. h8=Q Nef6 29.
Qxf7+ Kxf7 30. Qxh4 Rh8 31. Qg5 Rag8 32. Qd2 Rxg3 33. Nxg3 d5 34. Nde2 dxe4 35. Nxe4 Rh1+ 36. Kf2 Qb6+ 37. Qd4 Qxd4+ 38. Rxd4 Nxe4+ 39. Rxe4 Ra1 40. Rf4+ Ke7 41. Rc4 Ra2 42. Nc1 Rb2 43. Nd3 Ra2 44. g4 Nb6 45. Rc6 Nd5 46. g5 a5 47. f4 a4 48.
bxa4 Rxa4 49. Kf3 Kf7 50. Rd6 Ke7 51. Rc6 Kf7 52. Rc8 Ra3 53. Rb8 Rc3 54. Ke4 Rxc2 55. Ne5+ Ke7 56. Rb7+ Kd6 57. Rd7+ Kc5 58. Nd3+ Kc4 59.
Ne5+ Kc5 60. Rd8 Re2+ 61. Kf3 Re3+ 62. Kg4 Re4 63. Rf8 Kd6 64. g6 Ne7 65. g7 Re1 66. Nf7+ Kc5 67. Ng5 Rg1+ 68. Kf3 Rf1+ 69. Ke4 Re1+ 70.
Kd3 Rd1+ 71. Ke2 Ra1 72. Nxe6+ Kd5 73. Ng5 Ra2+ 74. Kf3 Ra3+ 75. Kg4 Ra1 76. Re8 Rg1+ 77. Kf3 1-0

[Event "*** Titled Tuesday 3|2 Blitz"]
[Site "Chess.com"]
[Date "2017.05.02"]
[Round "2"]
[White "1lec"]
[Black "arna"]
[Result "1/2-1/2"]
[WhiteElo "2062"]
[BlackElo "2097"]
[TimeControl "180+2"]
[EndTime "13:25:30 PDT"]
[Termination "Game drawn by agreement"]

1. e4 Nf6 2. e5 Nd5 3. c4 Nb6 4. d4 d6 5. exd6 cxd6 6. Nc3 g6 7.
Be3 Bg7 8. Rc1 O-O 9. b3 e5 10. dxe5 dxe5 11. Qxd8 Rxd8 12. c5 N6d7 13. Bc4 Nc6 14. Nf3 h6 15. Ne4 Nf8 16. Nd6 Ne6 17. Bxe6 Bxe6 18. Nxb7 Rd7 19. Nd6 Nb4 20. Ke2 Nxa2 21.
Ra1 Nc3+ 22. Kd2 Ne4+ 23. Ke2 Nxd6 24. cxd6 Rxd6 25. Rxa7 Rxa7 26. Bxa7 Bxb3 27. Nd2 Bc2 28. Rc1 Bd3+ 29. Ke1 Ra6 30. Bc5 h5 31. Nf3 Ra2 32. Ng1 Bh6 33. Rd1 e4 34. Bb4 Bg7 35.
Bd2 Bf6 36. Be3 Bc3+ 37. Bd2 Bd4 38. Nh3 Kg7 39. Nf4 Bc2 40. Rc1 h4 41. Ne2 Be5 42.
g3 h3 43. Nf4 Bxf4 44. Bxf4 Bd3 45. Be3 Re2+ 46. Kd1 Kf6 47. Rc5 Ra2 48. Bg5+ Ke6 49. Be3 Kd6 50. Rc1 f5 51. Bf4+ Kd5 52. Be3 Be2+ 53.
Ke1 Bc4 54. Rd1+ Bd3 55. Rc1 Bc2 56. Kd2 Bd3+ 57. Ke1 Re2+ 58. Kd1 f4 59. gxf4 Ke6 60. Rc5 Ra2 61. Bd4 Kd6 62. Rc1 Be2+ 63. Ke1 Bf3 64. Be3 Ke6 65. Rc5 Ra8 66. Re5+ Kf6 67. Rc5 Rd8 68. Rc1 Kf5 69. Kf1 Kg4 70. Kg1 Rd5 71. Re1 Rb5 72. Rc1 Rb2 73. Kf1 Ra2 74. Kg1 Bg2 75.
Re1 Bf3 76. Rc1 Be2 77. Re1 Kf3 78. Rc1 Bd3 79. Re1 Rc2 80. Rd1 Re2 81. Ra1 Rxe3 82.
fxe3 Kxe3 83. Rc1 Kxf4 84. Kf2 e3+ 85. Ke1 Kf3 86. Rc6 Kg2 87. Re6 Kxh2 88. Rxe3 Bf5 89. Kf2 Kh1 90. Re1+ Kh2 91. Rg1 Be4 92. Rg3 Bf5 93.
Rg1 Be4 94. Rg3 1/2-1/2

[Event "*** Titled Tuesday 3|2 Blitz"]
[Site "Chess.com"]
[Date "2017.05.02"]
[Round "3"]
[White "TricksOnly"]
[Black "Hikaru"]
[Result "0-1"]
[WhiteElo "2382"]
[BlackElo "2868"]
[TimeControl "180+2"]
[EndTime "13:28:17 PDT"]
[Termination "Hikaru won by resignation"]

1. e4 c5 2. Nf3 Nc6 3. Bb5 g6 4.
Bxc6 bxc6 5. O-O Bg7 6. Re1 Nh6 7. c3 O-O 8. d4 cxd4 9. cxd4 d5 10. e5 f6 11. h3 fxe5 12. Nxe5 Qb6 13. Nc3 Nf5 14. Na4 Qxd4 15. Nxc6 Qxd1 16. Rxd1 Bd7 0-1

[Event "*** Titled Tuesday 3|2 Blitz"]
[Site "Chess.com"]
[Date "2017.05.02"]
[Round "3"]
[White "GameOverBro"]
[Black "Robin-Side"]
[Result "0-1"]
[WhiteElo "2295"]
[BlackElo "2263"]
[TimeControl "180+2"]
[EndTime "13:29:39 PDT"]
[Termination "Robin-Side won by resignation"]

1. e4 c5 2. Ne2 Nc6 3. d4 cxd4 4. Nxd4 e5 5. Nxc6 bxc6 6. Bd3 Nf6 7. Qe2 Bc5 8. O-O O-O 9. Nd2 Qc7 10. Kh1 d5 11. b3 Bd4 12. Rb1 a5 13. a4 Re8 14.
Nf3 Bc3 15. Nh4 Nxe4 16. Bxe4 dxe4 17. Qxe4 Ba6 18. Rd1 Rad8 19. Be3 Rxd1+ 20. Rxd1 Rd8 21. Rxd8+ Qxd8 22. g3 Qd1+ 23. Kg2 Bf1+ 0-1

[Event "*** Titled Tuesday 3|2 Blitz"]
[Site "Chess.com"]
[Date "2017.05.02"]
[Round "3"]
[White "evgenyermolaev"]
[Black "joppie2"]
[Result "0-1"]
[WhiteElo "2356"]
[BlackElo "2530"]
[TimeControl "180+2"]
[EndTime "13:30:39 PDT"]
[Termination "joppie2 won by resignation"]

1. e4 c5 2. Nf3 e6 3. d4 cxd4 4.
Nxd4 Nc6 5. Nc3 Qc7 6. f4 a6 7. Nxc6 Qxc6 8. Bd3 b5 9. Qe2 Bb7 10. Bd2 Bc5 11. O-O-O Ne7 12. a3 O-O 13. Be3 Rac8 14.
Bxc5 Qxc5 15. e5 b4 16. Ne4 Qa5 17. axb4 Qa1+ 18. Kd2 Qxb2 19. Rb1 Qd4 20. Qe3 Rxc2+ 0-1

[Event "*** Titled Tuesday 3|2 Blitz"]
[Site "Chess.com"]
[Date "2017.05.02"]
[Round "3"]
[White "Bryakin_Mikhail"]
[Black "saraswathii"]
[Result "1-0"]
[WhiteElo "2544"]
[BlackElo "2216"]
[TimeControl "180+2"]
[EndTime "13:30:49 PDT"]
[Termination "Bryakin_Mikhail won by checkmate"]

1. d4 d5 2. Nf3 Bf5 3. c4 c6 4. Nc3 Nf6 5. Qb3 Qb6 6. c5 Qc7 7. Bf4 Qc8 8. e3 Nbd7 9. h3 e6 10. Qd1 a5 11. a3 Be7 12. b4 O-O 13. Be2 b6 14. O-O axb4 15. axb4 Rxa1 16. Qxa1 Ne4 17.
Nxe4 dxe4 18. Ne5 bxc5 19. bxc5 Nxe5 20. Bxe5 f6 21. Bg3 Qd7 22. Rb1 e5 23. dxe5 Bxc5 24.
exf6 Rxf6 25. Be5 Rg6 26. Rb8+ Kf7 27. Bh5 Bf8 28. Qa8 Be7 29. Rh8 Qe6 30. Qg8# 1-0

[Event "*** Titled Tuesday 3|2 Blitz"]
[Site "Chess.com"]
[Date "2017.05.02"]
[Round "3"]
[White "metalbattler"]
[Black "cailinchetty"]
[Result "1-0"]
[WhiteElo "2034"]
[BlackElo "1917"]
[TimeControl "180+2"]
[EndTime "13:30:49 PDT"]
[Termination "metalbattler won by resignation"]

1. e4 c5 2. Nc3 Nc6 3. Bb5 Nd4 4.
Nf3 g6 5. d3 Bg7 6. O-O Nxb5 7.
Nxb5 d6 8. Bg5 Bxb2 9. Rb1 Bg7 10. d4 a6 11. Nc3 Qa5 12. Nd5 b5 13. dxc5 dxc5 14. Bf4 Ra7 15. Ne5 Bb7 16. c4 e6 17. Nb6 Qxb6 18. Qd7+ 1-0

[Event "*** Titled Tuesday 3|2 Blitz"]
[Site "Chess.com"]
[Date "2017.05.02"]
[Round "3"]
[White "stepanosinovsky"]
[Black "1random"]
[Result "1-0"]
[WhiteElo "2226"]
[BlackElo "2281"]
[TimeControl "180+2"]
[EndTime "13:31:26 PDT"]
[Termination "stepanosinovsky won by resignation"]

1. e4 d5 2. exd5 Nf6 3. Bb5+ Nbd7 4. c4 a6 5. Ba4 b5 6. cxb5 Nxd5 7. Nc3 N5b6 8. Bb3 axb5 9. Nxb5 Ba6 10. Nc3 g6 11.
Nge2 c5 12. O-O Bg7 13. Re1 O-O 14. d4 cxd4 15. Nxd4 e5 16. Nc6 Qc7 17. Qf3 Bb7 18.
Ne7+ Kh8 19. Ned5 Qd8 20. Rd1 Nc5 21. Be3 Nxb3 22. Bxb6 Qd6 23. axb3 Rxa1 24. Rxa1 e4 25. Qxe4 Bxc3 26. bxc3 Qxd5 27. Qxd5 Bxd5 28. c4 Be6 29. Rc1 Rb8 30. Bd4+ Kg8 31. Rc3 Rb4 32. f3 Bd7 33.
Kf2 Kf8 34. Bc5+ 1-0

[Event "*** Titled Tuesday 3|2 Blitz"]
[Site "Chess.com"]
[Date "2017.05.02"]
[Round "3"]
[White "TheNextLevelFan"]
[Black "PowerThinking2650"]
[Result "1-0"]
[WhiteElo "2394"]
[BlackElo "2182"]
[TimeControl "180+2"]
[EndTime "13:31:42 PDT"]
[Termination "TheNextLevelFan won by resignation"]

1. d4 Nf6 2. c4 g6 3. Nc3 Bg7 4.
g3 O-O 5. Bg2 d6 6. Nf3 Nbd7 7.
O-O e5 8. e4 exd4 9. Nxd4 Re8 10.
Re1 Nc5 11. h3 a5 12. b3 Bd7 13. Bb2 Qc8 14. Kh2 Re5 15. g4 h5 16. f4 Re8 17.
g5 Nh7 18. Nd5 Qd8 19. Qd2 Ne6 20. Ne2 a4 21. Bxg7 Kxg7 22. b4 b5 23. h4 bxc4 24.
f5 Nexg5 25. hxg5 gxf5 26. Ng3 c6 27. Nxh5+ Kf8 28. Ndf6 Nxf6 29. gxf6 1-0

[Event "*** Titled Tuesday 3|2 Blitz"]
[Site "Chess.com"]
[Date "2017.05.02"]
[Round "3"]
[White "DavidForthoffer"]
[Black "Schemato"]
[Result "0-1"]
[WhiteElo "2096"]
[BlackElo "2313"]
[TimeControl "180+2"]
[EndTime "13:31:58 PDT"]
[Termination "Schemato won by resignation"]

1. d4 e6 2. c4 f5 3. Nf3 Nf6 4.
g3 c6 5. Bg2 d5 6. O-O Bd6 7. Nc3 O-O 8. Qc2 Nbd7 9. cxd5 cxd5 10.
Nb5 Bb8 11. b3 a6 12. Nc3 Bd6 13. a4 Qe7 14. Nb1 Ne4 15. e3 Ndf6 16. Ba3 Bxa3 17. Rxa3 Bd7 18. Ra2 Rac8 19. Qb2 Rc7 20. Rc1 Rfc8 21.
Rxc7 Rxc7 22. Ne5 Be8 23. Nd2 Nd7 24. Nxd7 Qxd7 25. Nf3 Nf6 26. Qd2 Qc8 27. Bf1 Bh5 28. Ne5 Nd7 29. Nxd7 Qxd7 30. Rc2 Qc8 31. Rxc7 Qxc7 32.
Kg2 h6 33. h4 Kh7 34. Bd3 Be8 35. g4 g6 36. h5 fxg4 37. hxg6+ Bxg6 38. Bxg6+ Kxg6 39. Qd3+ Kg5 40. e4 Qf4 41. exd5 exd5 42. Qh7 Qe4+ 0-1

[Event "*** Titled Tuesday 3|2 Blitz"]
[Site "Chess.com"]
[Date "2017.05.02"]
[Round "3"]
[White "Boryboy"]
[Black "Marreuh"]
[Result "1-0"]
[WhiteElo "2313"]
[BlackElo "2121"]
[TimeControl "180+2"]
[EndTime "13:32:01 PDT"]
[Termination "Boryboy won by resignation"]

1. e4 c5 2. Nf3 d6 3. Nc3 Nf6 4. a3 g6 5. b4 cxb4 6. axb4 Bg7 7. Be2 O-O 8. Rb1 Nc6 9. b5 Ne5 10. Nxe5 dxe5 11. O-O b6 12. Bc4 Bb7 13. d3 Kh8 14. Qe2 Nd7 15. Bd5 Qc7 16. Bxb7 Qxb7 17.
Nd5 e6 18. Ne3 f5 19. Ba3 Rfc8 20. Nc4 Nc5 21. Nd6 Qc7 22. Nxc8 Rxc8 23. c4 Rd8 24.
Rfd1 Qd7 25. Bxc5 bxc5 26. Rb3 Qd4 27. Rdb1 Rb8 28. g3 Bf8 29. Kg2 Bd6 30. Ra3 Rb7 31.
Ra6 Kg7 32. Rb3 Kf7 33. Rba3 Bb8 34. Qf3 Rd7 35. b6 axb6 36. Rxb6 Bc7 37. Rc6 Ke7 38. Raa6 Bd6 39. Ra8 f4 40. Rcc8 Rb7 41. Qg4 Qxd3 42. Re8+ Kd7 43. Qxe6+ Kc6 44. Ra6+ Rb6 45. Qc8+ Bc7 46.
Re6+ 1-0

[Event "*** Titled Tuesday 3|2 Blitz"]
[Site "Chess.com"]
[Date "2017.05.02"]
[Round "3"]
[White "heartofatiger"]
[Black "Yaacovn"]
[Result "1-0"]
[WhiteElo "1711"]
[BlackElo "2541"]
[TimeControl "180+2"]
[EndTime "13:32:19 PDT"]
[Termination "heartofatiger won on time"]

1. d4 Nf6 2. Nf3 e6 3. c4 Bb4+ 4. Nbd2 d5 5. Qa4+ Nc6 6. e3 Bd7 7. Qc2 O-O 8. a3 Bd6 9. Bd3 e5 10. cxd5 Nxd5 11. Bxh7+ Kh8 12. Be4 Be6 13. dxe5 Nxe5 14.
Nxe5 Bxe5 15. Nf3 Bf6 16. O-O c6 17. Bf5 Qd7 18. Bxe6 Qxe6 19. e4 Nb6 20. Bf4 Rfe8 21. Rfe1 Qc4 22. Rac1 Qxc2 23. Rxc2 Rad8 24. g3 Rd3 25.
Kg2 Rb3 26. e5 Be7 27. Nd2 Rd3 28. Nc4 Nd5 29. Bc1 Rd8 30. Ne3 Nb6 31. Nf5 1-0

[Event "*** Titled Tuesday 3|2 Blitz"]
[Site "Chess.com"]
[Date "2017.05.02"]
[Round "3"]
[White "TheLancer"]
[Black "Konavets"]
[Result "0-1"]
[WhiteElo "2440"]
[BlackElo "2681"]
[TimeControl "180+2"]
[EndTime "13:32:21 PDT"]
[Termination "Konavets won by resignation"]

1. e4 c5 2. Nc3 d6 3. f4 g6 4. Nf3 Bg7 5. Bc4 Nc6 6. f5 Nf6 7. O-O O-O 8. fxg6 hxg6 9. h3 a6 10.
a4 Rb8 11. d3 Nd4 12. Nxd4 cxd4 13. Ne2 b5 14. axb5 axb5 15. Bb3 e6 16. Bg5 b4 17.
Qe1 Rb5 18. Qh4 Rxg5 19. Qxg5 Nd7 20. Qxd8 Rxd8 21. Ra8 Nc5 22. Bc4 Bh6 23. Rfa1 Be3+ 24. Kf1 f5 25. exf5 gxf5 26. R1a5 Kf7 27. Rxc5 dxc5 28. Ba6 Bxa6 29. Rxd8 b3 30. Ra8 Bb5 31. Rb8 bxc2 32. Rxb5 c4 33. Rb7+ Kf6 34. Nc1 Bxc1 35. Rc7 c3 36. bxc3 Bf4 0-1

[Event "*** Titled Tuesday 3|2 Blitz"]
[Site "Chess.com"]
[Date "2017.05.02"]
[Round "3"]
[White "Noukii"]
[Black "johnathan113"]
[Result "1-0"]
[WhiteElo "2642"]
[BlackElo "2438"]
[TimeControl "180+2"]
[EndTime "13:32:41 PDT"]
[Termination "Noukii won by resignation"]

1. d4 Nf6 2. c4 g6 3. Nc3 Bg7 4. Nf3 O-O 5. Bg5 d6 6. e3 h6 7. Bh4 Nbd7 8. Be2 e5 9. O-O g5 10. Bg3 Nh5 11. dxe5 Nxg3 12. hxg3 dxe5 13. g4 c6 14. Qc2 Qe7 15. Ne4 Nc5 16. Nxc5 Qxc5 17.
Nd2 f5 18. gxf5 Bxf5 19. Bd3 Bxd3 20. Qxd3 Rad8 21. Qc2 e4 22. Nxe4 Qe5 23. Rad1 Rde8 24. Nd6 Re7 25. b4 g4 26. g3 h5 27. c5 Rf3 28. Kg2 h4 29. Qc4+ Qe6 30. Qxe6+ Rxe6 31. gxh4 Rh6 32. Nxb7 Rxh4 33. Rh1 Rfh3 34. Nd8 Be5 35.
Nxc6 1-0

[Event "*** Titled Tuesday 3|2 Blitz"]
[Site "Chess.com"]
[Date "2017.05.02"]
[Round "3"]
[White "NewBornNow"]
[Black "AkshatChandra"]
[Result "1/2-1/2"]
[WhiteElo "2551"]
[BlackElo "2751"]
[TimeControl "180+2"]
[EndTime "13:33:01 PDT"]
[Termination "Game drawn by repetition"]

1. e4 e6 2. d4 d5 3. Nc3 Nf6 4. Bg5 dxe4 5. Nxe4 Be7 6. Bxf6 gxf6 7. Qd2 f5 8. Nc3 a6 9. O-O-O Qd6 10. g3 b5 11.
Bg2 c6 12. Nf3 Nd7 13. Ne5 Bb7 14. Qf4 Rg8 15. Kb1 Nf6 16. Rhe1 O-O-O 17. Qf3 Rgf8 18.
Nxc6 Bxc6 19. Qxc6+ Qxc6 20. Bxc6 Kc7 21. Bf3 Bb4 22.
Re3 Kb6 23. Ne2 Bd6 24. c3 h5 25. Kc2 Ng4 26. Bxg4 hxg4 27. Rh1 Rh8 28. f3 gxf3 29. Rxf3 Rh7 30. h4 Rg8 31. Rd1 Rg4 32. d5 Kc7 33. dxe6 fxe6 34. Nd4 Rh6 35. Rdd3 Rhg6 36. Ne2 Kd7 37. b4 Ke7 38. Kb3 Be5 39. a4 Rg8 40. axb5 axb5 41. Rfe3 Kf6 42. Rf3 Ke7 43. Rde3 Kf6 44.
Rd3 Ke7 1/2-1/2

[Event "*** Titled Tuesday 3|2 Blitz"]
[Site "Chess.com"]
[Date "2017.05.02"]
[Round "3"]
[White "Iball95"]
[Black "SCIM"]
[Result "1-0"]
[WhiteElo "2506"]
[BlackElo "2380"]
[TimeControl "180+2"]
[EndTime "13:33:17 PDT"]
[Termination "Iball95 won by checkmate"]

1. e4 c5 2. Nf3 e6 3. d4 cxd4 4.
Nxd4 Nc6 5. Nc3 Qc7 6. Be3 a6 7. Qf3 Nf6 8. O-O-O Ne5 9. Qg3 b5 10.
f4 Neg4 11. Bg1 b4 12. Na4 Bb7 13. e5 Qa5 14. b3 Ne4 15. Qxg4 Nc3 16. Rd3 Rc8 17.
Nxc3 Qa3+ 18. Kd1 bxc3 19. Be3 Be4 20. f5 Bxd3 21. Bxd3 Qxa2 22. fxe6 dxe6 23. Rf1 Bc5 24. Nxe6 Bxe3 25. Qxg7 Ke7 26. Qxf7# 1-0

[Event "*** Titled Tuesday 3|2 Blitz"]
[Site "Chess.com"]
[Date "2017.05.02"]
[Round "3"]
[White "ChristopherYoo"]
[Black "Vamostodorecto"]
[Result "1-0"]
[WhiteElo "2241"]
[BlackElo "2339"]
[TimeControl "180+2"]
[EndTime "13:33:17 PDT"]
[Termination "ChristopherYoo won by checkmate"]

1. e4 e5 2. Nf3 Nc6 3. Bb5 a6 4.
Ba4 Nf6 5. O-O b5 6. Bb3 Bb7 7. Re1 Bc5 8. c3 d6 9. d4 Bb6 10. Nbd2 Qe7 11. Nf1 h6 12. Ng3 g6 13. Bd5 O-O-O 14. a4 Nxd5 15. exd5 Na5 16. axb5 axb5 17. dxe5 dxe5 18. Rxe5 Qf6 19. Ne4 Qg7 20. d6 f6 21.
Re6 f5 22. Nf6 Qf7 23. d7+ Kb8 24. Qe2 Nb3 25. Rxb6 Nxa1 26. Rxb7+ Kxb7 27. Qxb5+ Ka8 28. Qa6+ Kb8 29. Ne5 c5 30. Nc6+ Kc7 31. Bf4# 1-0

[Event "*** Titled Tuesday 3|2 Blitz"]
[Site "Chess.com"]
[Date "2017.05.02"]
[Round "3"]
[White "Rikikits"]
[Black "GMAkobianSTL"]
[Result "0-1"]
[WhiteElo "2571"]
[BlackElo "2611"]
[TimeControl "180+2"]
[EndTime "13:33:19 PDT"]
[Termination "GMAkobianSTL won by resignation"]

1. e4 d6 2. d4 Nf6 3. Nc3 c6 4.
f3 Nbd7 5. Be3 Qb6 6. Rb1 e5 7. Qd2 Qc7 8. Nge2 b5 9. Nd1 d5 10. Nf2 dxe4 11. fxe4 exd4 12. Nxd4 Ne5 13. Be2 a6 14. O-O c5 15. Nf5 Bxf5 16. exf5 Rd8 17. Qe1 Bd6 18. Bg5 Be7 19. Nd3 Nxd3 20. Bxd3 O-O 21.
Qh4 Rd4 22. Rf4 Rfd8 23. Rbf1 h6 24. Rxd4 Rxd4 25. Bf4 Bd6 26. Bxd6 Qxd6 27. Qe1 c4 28. Be2 Re4 29. Qd1 Qc5+ 30. Kh1 Re5 31. b3 Ne4 32. Qe1 cxb3 33. cxb3 Nc3 34. Rf2 Nxe2 0-1

[Event "*** Titled Tuesday 3|2 Blitz"]
[Site "Chess.com"]
[Date "2017.05.02"]
[Round "3"]
[White "XiaoKangZhong"]
[Black "rithwik2002"]
[Result "1-0"]
[WhiteElo "2008"]
[BlackElo "1870"]
[TimeControl "180+2"]
[EndTime "13:33:21 PDT"]
[Termination "XiaoKangZhong won on time"]

1. e4 e6 2. d4 d5 3. Nd2 c5 4. Ngf3 cxd4 5. Nxd4 Nc6 6. Nxc6 bxc6 7. exd5 cxd5 8. Nf3 Bd6 9. Bd3 Nf6 10. O-O O-O 11. c4 e5 12. Bc2 dxc4 13. Qe2 c3 14. bxc3 e4 15. Ng5 Bf5 16. Nxe4 Bxe4 17. Bxe4 Re8 18. f3 Nxe4 19. fxe4 Qh4 20. h3 Qg3 21. Qf3 Qh2+ 22. Kf2 Bc5+ 23. Be3 Bxe3+ 24. Kxe3 Qc7 25. Rac1 Rad8 26. Kf2 Qb6+ 27. Kg3 Qb7 28. Kh2 Rxe4 29. Kh1 Qe7 30. Rcd1 Rc8 31. Rd7 Qxd7 32. Qxe4 Rxc3 33. Qa8+ Rc8 34. Qf3 a5 35. Rd1 Qe6 36. Qd3 Rf8 37.
Qd8 Qxa2 38. Qc7 a4 39. Qc5 Qb3 40. Ra1 Rb8 41. Kh2 1-0

[Event "*** Titled Tuesday 3|2 Blitz"]
[Site "Chess.com"]
[Date "2017.05.02"]
[Round "3"]
[White "bilelou"]
[Black "JusticeBot"]
[Result "1-0"]
[WhiteElo "2397"]
[BlackElo "2503"]
[TimeControl "180+2"]
[EndTime "13:33:22 PDT"]
[Termination "bilelou won by checkmate"]

1. e4 e5 2. Qh5 Nc6 3. Bc4 g6 4.
Qf3 Nf6 5. Ne2 Bg7 6. d3 h6 7.
h3 d6 8. Nbc3 Nb4 9. Bb3 Be6 10.
Ba4+ c6 11. a3 Na6 12. b4 b5 13. Nxb5 cxb5 14. Bxb5+ Nd7 15. Bxa6 Qb6 16. Bc4 Bxc4 17. dxc4 Rc8 18. Qd3 Qc6 19. c5 dxc5 20. b5 Qb7 21.
c4 f5 22. Nc3 Nf6 23. O-O fxe4 24. Qe2 O-O 25. Re1 Rcd8 26. Bb2 Rd3 27. Rac1 Rfd8 28. Rc2 Qf7 29. Nxe4 Nxe4 30. Qxe4 Rd2 31. Rxd2 Rxd2 32. Re2 Rd1+ 33. Kh2 Kh7 34. Bxe5 Bxe5+ 35. Qxe5 Qxc4 36. Qc7+ Kg8 37. Re8# 1-0

[Event "*** Titled Tuesday 3|2 Blitz"]
[Site "Chess.com"]
[Date "2017.05.02"]
[Round "3"]
[White "yurisolo"]
[Black "scrapnel"]
[Result "1-0"]
[WhiteElo "2504"]
[BlackElo "2495"]
[TimeControl "180+2"]
[EndTime "13:33:23 PDT"]
[Termination "yurisolo won by resignation"]

1. e4 c5 2. Nf3 d6 3. d4 cxd4 4.
Nxd4 Nf6 5. Nc3 a6 6. Bg5 e6 7. f4 Be7 8. Qf3 h6 9. Bh4 Qa5 10. O-O-O Qh5 11. Qxh5 Nxh5 12. Bxe7 Kxe7 13. g3 Nf6 14. Bg2 Nfd7 15. Rd2 Ra7 16. Rhd1 Rd8 17. Nb3 Nb6 18. Bf1 Nc6 19. a4 Na8 20. Nd4 Nxd4 21.
Rxd4 b6 22. b3 Rc7 23. Kb2 Bb7 24. R4d2 Rdc8 25. Rxd6 Rxc3 26. Rd7+ Kf8 27. Rxb7 Rxc2+ 28. Ka3 b5 29. axb5 axb5 30. Bxb5 Nc7 31. Ba4 Rxh2 32.
Rd7 Rc2 33. b4 Rc3+ 34. Kb2 Rc4 35. Bb3 Rxe4 36. Rdxc7 Rxc7 37. Rxc7 Rxb4 38. Kc3 Re4 39. Kd3 Re1 40. Rc3 Rg1 41. Ke2 g5 42. Kf2 Rb1 43.
Bc2 Kg7 44. f5 exf5 45. Bxb1 1-0

[Event "*** Titled Tuesday 3|2 Blitz"]
[Site "Chess.com"]
[Date "2017.05.02"]
[Round "3"]
[White "Storne89"]
[Black "spectralsoul"]
[Result "1-0"]
[WhiteElo "2510"]
[BlackElo "2649"]
[TimeControl "180+2"]
[EndTime "13:33:32 PDT"]
[Termination "Storne89 won on time"]

1. e4 d6 2. d4 Nf6 3. Nc3 g6 4.
Bg5 Bg7 5. Qd2 h6 6. Bh4 g5 7. Bg3 Nh5 8. Nge2 Nc6 9. O-O-O Nxg3 10. hxg3 e5 11. dxe5 Nxe5 12. Nd4 Nc6 13. Nxc6 bxc6 14. f4 Rb8 15. Bc4 Bg4 16. Rde1 O-O 17. Bb3 a5 18. a4 Be6 19. e5 Bxb3 20. cxb3 Rxb3 21.
Qc2 Rb4 22. Ne4 d5 23. Nf6+ Bxf6 24. Rxh6 Rc4 25. exf6 Re8 26. Reh1 Re1+ 27. Rxe1 Rxc2+ 28. Kxc2 gxf4 29. Reh1 1-0

[Event "*** Titled Tuesday 3|2 Blitz"]
[Site "Chess.com"]
[Date "2017.05.02"]
[Round "3"]
[White "GM_Huschenbeth"]
[Black "1lec"]
[Result "1-0"]
[WhiteElo "2354"]
[BlackElo "2059"]
[TimeControl "180+2"]
[EndTime "13:33:32 PDT"]
[Termination "GM_Huschenbeth won by resignation"]

1. e4 c5 2. Nf3 d6 3. d4 cxd4 4.
Nxd4 Nf6 5. Nc3 a6 6. Bg5 e6 7. f4 h6 8. Bh4 Qb6 9. Bxf6 gxf6 10.
Qd2 Qxb2 11. Nb3 Qa3 12. Be2 Nc6 13. O-O Qb4 14. Kh1 h5 15. Rab1 Qb6 16. Na4 Qc7 17.
Nd4 Nxd4 18. Qxd4 Be7 19. Nb6 Rb8 20. c4 h4 21. h3 Bd7 22. f5 Bc6 23. fxe6 fxe6 24. Bg4 Kf7 25. Rf2 Rbg8 26. Rbf1 Rh6 27. Bxe6+ Kxe6 28. Nd5 Qd8 29. c5 dxc5 30. Nf4+ Kf7 31.
Qc4+ Ke8 32. Qxg8+ Kd7 33. Rd1+ Bd6 34. Rxd6+ 1-0

[Event "*** Titled Tuesday 3|2 Blitz"]
[Site "Chess.com"]
[Date "2017.05.02"]
[Round "3"]
[White "rubhani"]
[Black "IIIlllII1llIl"]
[Result "0-1"]
[WhiteElo "2391"]
[BlackElo "2557"]
[TimeControl "180+2"]
[EndTime "13:33:35 PDT"]
[Termination "IIIlllII1llIl won by resignation"]

1. e4 e5 2. Nf3 Nc6 3. Bb5 Nf6 4.
d3 d6 5. c3 Be7 6. O-O O-O 7.
Re1 a6 8. Ba4 b5 9. Bc2 Re8 10.
Nbd2 Bf8 11. Nf1 h6 12. Ng3 g6 13. a3 Bg7 14. d4 exd4 15. Nxd4 Na5 16. h3 Bb7 17. Bf4 c5 18. Nf3 Re6 19. Nd2 d5 20. b4 cxb4 21. axb4 Nc4 22. Nxc4 dxc4 23. f3 Nd7 24. Qd2 Ne5 25. Kh2 Qxd2 26. Bxd2 Rd8 27. Re2 Nd3 28. Nf1 Nxb4 29. Rc1 Na2 30. Rd1 Nxc3 0-1

[Event "*** Titled Tuesday 3|2 Blitz"]
[Site "Chess.com"]
[Date "2017.05.02"]
[Round "3"]
[White "Sinquefield"]
[Black "JSMastropiero"]
[Result "1-0"]
[WhiteElo "2196"]
[BlackElo "2211"]
[TimeControl "180+2"]
[EndTime "13:33:36 PDT"]
[Termination "Sinquefield won by resignation"]

1. d4 e6 2. Nf3 Nf6 3. Bg5 h6 4. Bh4 c5 5. e3 Be7 6. Nbd2 b6 7. Bd3 Bb7 8. c3 O-O 9. O-O cxd4 10. exd4 Nc6 11. Re1 Nd5 12. Bxe7 Qxe7 13. Bf1 Nf4 14. g3 Ng6 15. Qe2 d5 16. Bg2 Qd6 17. h4 Rfe8 18. h5 Nf8 19. Nf1 a5 20. N1h2 Ba6 21. Qe3 b5 22.
Ng4 Kh7 23. Nfe5 Nxe5 24. Nxe5 Ra7 25. Bf1 b4 26. Bxa6 Qxa6 27. Qf3 Kg8 28. cxb4 axb4 29. a3 f6 30. Nd3 bxa3 31. Rxa3 Qb6 32. Rxa7 Qxa7 33. Nc5 Qa5 34. Re3 Qd2 35. Qg4 Qxd4 36. Qxd4 1-0

[Event "*** Titled Tuesday 3|2 Blitz"]
[Site "Chess.com"]
[Date "2017.05.02"]
[Round "3"]
[White "maciek_92"]
[Black "Astaneh"]
[Result "0-1"]
[WhiteElo "2494"]
[BlackElo "2453"]
[TimeControl "180+2"]
[EndTime "13:33:39 PDT"]
[Termination "Astaneh won by resignation"]

1. c4 Nf6 2. Nc3 d5 3. cxd5 Nxd5 4. g3 Nxc3 5. bxc3 Nc6 6. Bg2 Bd7 7. Rb1 Qc8 8. d4 e6 9. e4 Be7 10. Ne2 O-O 11.
O-O Rd8 12. Qc2 Na5 13. c4 c5 14. d5 exd5 15. cxd5 b5 16. e5 Bf5 17. Be4 Bxe4 18.
Qxe4 a6 19. d6 Bf8 20. Bg5 Re8 21. Rbd1 Qc6 22. Qf4 h6 23. d7 hxg5 24. dxe8=Q Rxe8 25. Qxg5 Nc4 26. e6 f6 27. Qd5 Qxe6 28. Nf4 Qxd5 29. Rxd5 Ne5 30. Rfd1 c4 31. Kg2 g5 32. Nh5 Kf7 33.
h3 c3 34. Rc1 b4 35. Ra5 Nd3 36.
Ra1 Re2 37. Rf5 Be7 38. Kf1 Rd2 39. h4 c2 40. hxg5 Rd1+ 41. Kg2 Rxa1 0-1